cohdb
Replays
Latest Replays
All Replays
Popular Replays
Top Player Replays
Match Explorer
How It Works
Community
CoH3 Stats
Reddit
Sign in to upload your games and track your stats! →
Sign in with Steam
Match 37436047
Unlisted
Match 37436047
Overview
Messages
Build Orders
End
Construct Infanterie Kompanie
Grenadier Squad
MG 42 Machine Gun Team
Grenadier Squad
Selects Breakthrough Battlegroup
Selects Assault Grenadiers
Construct Panzergrenadier Kompanie
Selects Smoke Bombing Run
251 Medium Carrier
Pak 40 Anti-tank Gun Team
Selects Mechanized Assault Group
Mechanized Assault Group
Selects Rapid Production
Pak 40 Anti-tank Gun Team
Construct Panzer Kompanie
Selects Blitzkrieg
Sturmpanzer IV Brummbär
Side Skirts
Panzer Officer Quarters
Stoßtruppen Squad
Stoßtruppen Squad
Stoßtruppen Squad
Support Elements
Selects Tiger Heavy Tank
Tiger Heavy Tank
Blitzkrieg
TheLolkPlays
Lord I.F. Looping
[GG]Onkel Stonkel
[GG]Quiq
0
0
Comments
sign in to comment!
No comments posted yet!